 Dungeon Crawl Stone Soup version 0.28-a0-863-g8cecda6153 (webtiles) character file.

Game seed: 16914198381735460010

172 karkarkar the Covered (level 5, -7/42 HPs)
             Began as a Formicid Fighter on Nov 15, 2021.
             Killed by divine providence
             ... invoked by an orc priest
              (16 damage)
             ... on level 3 of the Dungeon on Nov 16, 2021.
             The game lasted 00:12:00 (3200 turns).

karkarkar the Covered (Formicid Fighter)            Turns: 3200, Time: 00:12:00

Health: -7/42      AC:  8    Str: 22    XL:     5   Next: 83%
Magic:  5/5        EV: 10    Int:  7    God:
Gold:   85         SH:  4    Dex: 10    Spells: 4/4 levels left

rFire   . . .      SeeInvis +   i - +2 whip (elec)
rCold   . . .      Faith    .   c - +0 buckler
rNeg    . . .      Spirit   .   b - +0 scale mail
rPois   .          Reflect  .   (helmet unavailable)
rElec   .          Harm     .   f - +0 cloak
rCorr   .          Rampage  .   (no gloves)
Will    .....                   (no boots)
Stlth   ..........              (no amulet)
HPRegen 0.14/turn               (no ring)
MPRegen 0.09/turn               (no ring)

@: no status effects
A: permanent stasis, dig shafts and tunnels, antennae 3, four strong arms
a: Dig, Shaft Self


You were on level 3 of the Dungeon.
You visited 1 branch of the dungeon, and saw 3 of its levels.

You collected 85 gold pieces.

Inventory:

Hand Weapons
 a - a +0 war axe
 i - a +2 whip of electrocution (weapon)
Missiles
 g - 2 javelins
Armour
 b - a +0 scale mail (worn)
 c - a +0 buckler (worn)
 f - a +0 cloak (worn)
Wands
 m - a wand of acid (1) (quivered)
 r - a wand of digging (6)
Scrolls
 j - a scroll of noise
Potions
 d - a potion of might
 l - a potion of cancellation
 o - a potion of heal wounds {unknown}
 p - 2 potions of attraction
 q - a potion of berserk rage {unknown}


   Skills:
 + Level 4.0 Fighting
 * Level 3.4(3.5) Axes
 - Level 1.1(2.4) Maces & Flails
 + Level 1.2 Throwing
 + Level 4.3 Armour
 + Level 1.2 Dodging
 - Level 3.6 Shields


You had 4 spell levels left.
You didn't know any spells.
Your spell library contained the following spells:

 Spells                   Type           Power      Damage    Failure   Level
 Inner Flame              Hex/Fire       0%         N/A       98%         3
 Cause Fear               Hex            0%         N/A       100%        4
 Discord                  Hex            0%         N/A       100%        8


Dungeon Overview and Level Annotations

Branches:
Dungeon (3/15)

Altars:


Innate Abilities, Weirdness & Mutations

You cannot be hasted, slowed, berserked, paralysed or teleported.
You can dig through walls and to a lower floor.
You have a pair of large antennae on your head. (SInv)
Your four strong arms can wield two-handed weapons with a shield.


Message History

The orc is moderately wounded.
The orc hits you with a +0 club.
You closely miss the orc.
The orc is moderately wounded.
The orc hits you with a +0 club.
The orc priest invokes the aid of Beogh against you.
Beogh smites you!
Aiming: Corrosive Bolt
Press: ? - help, Q - select action, (/) - cycle Shift-Dir - straight line, f - orc priest, p - orc
Aim: an orc priest, wielding a +0 mace (71% to hit)
The bolt of acid misses the orc.
The bolt of acid hits the orc!
You kill the orc!
The bolt of acid hits the orc priest!
The acid corrodes the orc priest!
The orc priest is almost dead.
The orc hits you with a +0 club.
The orc priest mumbles some strange prayers to Beogh against you.
Beogh smites you!
* * * LOW HITPOINT WARNING * * *
The orc priest calls upon Beogh to heal the orc.
The orc's wounds heal themselves!
Aiming: Corrosive Bolt
Press: ? - help, Q - select action, (/) - cycle Shift-Dir - straight line, f/p - orc priest
Aim: an orc priest, wielding a +0 mace (almost dead, covered in acid, 71% to hit)
The bolt of acid hits the orc!
The acid corrodes the orc!
You kill the orc!
The bolt of acid hits the orc priest!
The orc priest seems to be corroded for longer.
You kill the orc priest!
Things that are here:
a +0 rapier of venom; 2 stones The orc priest mumbles some strange prayers to Beogh against you.
You struggle to resist.
Things that are here:
a +0 halberd; a gnoll corpse
Things that are here:
a +0 whip; a gnoll corpse You see here a +0 spear.
The orc priest invokes the aid of Beogh against you.
Beogh smites you!
You die...

#.# #.# #>.'.....{.........
#.#
#.##########...){)......#..
#.#
#...........o.######)##..#.
#.# ###########.###
#{##...# #.#####.# ..#)#
#####{##..#. #.......#
#.#)# #........#..
#######.# #.#)#
#.....#...o. #.# ###.#.#
#.....##.#.. #.#
#...@.####w....##.o#.
#.##.#.#..?.........##...#
#.##.#.#.#.###########..#.
#.##.#.....# #.#..
#.#......### #....
#.#....#.. #...# #.#..#.##.
#.##.#.# .g #......# ..


You could see an orc priest.

Vanquished Creatures
  An orc priest (D:3)
  4 adders
  3 gnolls (D:3)
  3 dart slugs
  2 orcs (D:3)
  3 bats
  7 endoplasms
  6 goblins
  4 hobgoblins
  13 jackals
  8 kobolds
  2 quokkas (D:1)
  5 ball pythons
  A frilled lizard (D:3)
  4 rats
66 creatures vanquished.

Vanquished Creatures (others)
  24 plants (D:3)
24 creatures vanquished.

Grand Total: 90 creatures vanquished

Notes
Turn   | Place    | Note
-------+----------+-------------------------------------------
     0 | D:1      | karkarkar the Formicid Fighter began the quest for the Orb.
     0 | D:1      | Reached XP level 1. HP: 18/18 MP: 1/1
   238 | D:1      | Reached XP level 2. HP: 16/24 MP: 2/2
   475 | D:1      | Upgraded the game from 0.28-a0-861-ge64d6db94f to
                  | 0.28-a0-863-g8cecda6153
   635 | D:1      | Reached XP level 3. HP: 29/29 MP: 3/3
   886 | D:1      | Found a faded altar of an unknown god.
  1495 | D:2      | Reached XP level 4. HP: 33/37 MP: 4/4
  2117 | D:2      | Reached skill level 1 in Throwing
  2741 | D:3      | Reached XP level 5. HP: 21/42 MP: 5/5
  3007 | D:3      | Reached skill level 1 in Dodging
  3010 | D:3      | Reached skill level 1 in Maces & Flails
  3200 | D:3      | Killed from afar by an orc priest

Illustrated notes

Levels and vault maps discovered:
D:1:      dpeg_arrival_tiny_a, layout_loops_corners,
          chequers_ecumenical_altar_island, hex_medium,
          minmay_misc_feat_columns, minmay_tripent
D:2:      layout_loops_corners
D:3:      layout_basic, minmay_splitting_lines, nicolae_grassy_gnolls,
          uniq_grinder

Skill      XL: |  1  2  3  4  5 |
---------------+----------------+-----
Axes           | 3 |  3.4
Throwing       | 1 |  1.2
Armour         | 4 |  4.3
Fighting       | 4 |  4.0
Dodging        | 1 |  1.2
Maces & Flails | 1 |  1.1
Shields        | |  3.6

Action                   |  1- 3 |  4- 6 || total
-------------------------+-------+-------++-------
Melee: War axe           |    63 |       ||    63
       Whip              |    20 |    50 ||    70
Throw: Javelin           |    25 |    10 ||    35
       Dart              |       |     4 ||     4
 Abil: Dig               |     1 |       ||     1
Evoke: Wand              |       |     4 ||     4
  Use: Scroll            |       |     6 ||     6
Armor: Scale mail        |    39 |    21 ||    60
Dodge: Dodged            |    39 |    24 ||    63
Block: Buckler           |    25 |    12 ||    37

Table legend: (Time is in decaauts)
 A = Elapsed time spent in this place.
 B = Non-inter-level travel time spent in this place.
 C = Inter-level travel time spent in this place.
 D = Time resting spent in this place.
 E = Time spent auto-exploring this place.
 F = Levels seen in this place.
 G = Mean time per level.
                   A        B        C        D        E       F      G
               +--------+--------+--------+--------+--------+-----+--------+
         Total |   3245 |   3070 |    175 |    513 |   1759 |   3 | 1081.7 |
       Dungeon |   3245 |   3070 |    175 |    513 |   1759 |   3 | 1081.7 |
               +--------+--------+--------+--------+--------+-----+--------+

Top non-repeatable levels by time:
     D:1: 1386 daAuts
     D:2: 1180 daAuts
     D:3: 678 daAuts
